 Dungeon Crawl Stone Soup version 0.14-a0-736-g2a71271 (webtiles) character file.

97 Malachi the Ruffian (level 3, 0/28 HPs)
             Began as a Draconian Transmuter on Nov 7, 2013.
             Slain by Sigmund
             ... wielding a +0,+0 scythe
              (10 damage)
             ... on Level 2 of the Dungeon.
             The game lasted 00:04:26 (2013 turns).

Malachi the Ruffian (Draconian Transmuter)          Turns: 2013, Time: 00:04:26

HP   0/28        AC  5     Str 12      XL: 3   Next: 58%
MP   1/4         EV 12     Int 14      God:
Gold 46          SH  0     Dex 11      Spells:  3 memorised,  0 levels left

Res.Fire  : . . .   See Invis. : .     - Unarmed
Res.Cold  : . . .   Warding    : .   (armour unavailable)
Life Prot.: . . .   Conserve   : .   (no shield)
Res.Poison: .       Res.Corr.  : .   (helmet restricted)
Res.Elec. : .       Clarity    : .   (no cloak)
Sust.Abil.: . .     Spirit.Shd : .   (no gloves)
Res.Mut.  : .       Stasis     : .   (no boots)
Res.Rott. : .       Flight     : .   (no amulet)
Saprovore : . . .                    (no ring)
                                     (no ring)

@: very slightly contaminated, not resistant to hostile enchantments, unstealthy
A: unfitting armour, AC +5
a: no special abilities


You were on level 2 of the Dungeon.
You were hungry.

You visited 1 branch of the dungeon, and saw 3 of its levels.

You collected 46 gold pieces.

Inventory:

Hand weapons
 s - a +0 blowgun
Missiles
 b - 26 arrows
Comestibles
 a - 3 bread rations
 m - 2 meat rations
Scrolls
 c - a scroll of enchant armour {unknown}
 e - a scroll of noise {unknown}
 f - a scroll of curse weapon {unknown}
 h - 4 scrolls of identify {unknown}
 k - a scroll of remove curse {unknown}
 n - a scroll of enchant weapon I {unknown}
 o - a scroll of amnesia {unknown}
 q - a scroll of recharging {unknown}
Potions
 g - a potion of curing
 i - a potion of mutation {unknown}
 j - a potion of might {unknown}
 l - a potion of heal wounds {unknown}
 p - a potion of brilliance {unknown}
Books
 d - a book of Changes

   Spells                             Type                      Level
   *Beastly Appendage                 Transmutation                1
   *Sticks to Snakes                  Transmutation                2
   *Spider Form                       Transmutation/Poison         3
   Ice Form                           Ice/Transmutation            4
   Blade Hands                        Transmutation                5


   Skills:
 + Level 1.2 Fighting
 + Level 2.0 Dodging
 - Level 0.4 Stealth
 * Level 4.1 Unarmed Combat
 - Level 2.0 Spellcasting
 * Level 2.4 Transmutations


You couldn't memorise any spells.
You knew the following spells:

 Your Spells              Type           Power        Failure   Level  Hunger
a - Beastly Appendage     Trmt           #.....       12%         1    ##.....
b - Sticks to Snakes      Trmt           #.........   17%         2    ###....
c - Spider Form           Trmt/Pois      #.........   47%         3    ####...


Dungeon Overview and Level Annotations

Branches:
Dungeon (3/27)

Altars:
Nemelex Xobeh

Annotations:
D:2 Sigmund


Message History

Confirm with . or Enter, or press ? or * to list all spells.
You miscast Sticks to Snakes.
You are very lightly contaminated with residual magic.
Your skin glows momentarily.
What do you say? t - Shout!
Orders for allies: a - Attack new target. p - Attack previous target. r - Retreat! s - Stop attacking. w - Wait here. f - Follow me.
Anything else - Stay silent.
Gang up on whom?
Press: ? - help, Dir - move target cursor, f/p - Sigmund
Aim: Sigmund, wielding a scythe and wearing a robe (severely wounded) Attack!
Your ball python bites Sigmund.
Your ball python grabs Sigmund.
Your ball python constricts Sigmund.
Sigmund hits your ball python with a scythe!
Your ball python dies!
You are now empty-handed.
Sigmund hits you with a scythe!
You die...

#####.##.#.#######...........#
#.##.............#######.#
#.##....#............# #####
#.##....#.#.##...###.###≈..##
##.##....#.#.##...# ###≈≈≈.≈..
####............##...####≈≈≈≈≈≈..
#.<.....................#≈≈≈≈≈≈..
#.##....................#≈≈≈≈≈...
#.###<......#...@@......#≈≈≈≈≈...
......###...#...##...####≈≈≈≈.≈..
#.###.# #...#...##...# ##≈≈≈≈...
..# #.# ##.##...##...# ###≈≈.##
### #.# #...........###. #####.
#####.####.##............# ##.
................########## #.#
####..#....###.## ##.
#.......###.######### ##


You could see Sigmund.

Vanquished Creatures
  2 giant geckos (D:2)
  An ooze (D:1)
  4 bats
  3 giant cockroaches (D:1)
  5 hobgoblins
  5 kobolds
  2 giant newts (D:2)
  8 goblins
  6 rats
36 creatures vanquished.

Vanquished Creatures (collateral kills)
  Terence (D:2)
1 creature vanquished.

Grand Total: 37 creatures vanquished

Notes
Turn   | Place    | Note
--------------------------------------------------------------
     0 | D:1      | Malachi, the Draconian Transmuter, began the quest for the Orb.
     0 | D:1      | Reached XP level 1. HP: 16/16 MP: 1/1
   180 | D:1      | Reached XP level 2. HP: 20/23 MP: 0/3
   190 | D:1      | Learned a level 2 spell: Sticks to Snakes
   445 | D:1      | Found a sparkling altar of Nemelex Xobeh.
   587 | D:2      | Noticed Sigmund
   779 | D:2      | Noticed Terence
   798 | D:2      | Killed Terence
   798 | D:2      | Reached skill level 4 in Unarmed Combat
   798 | D:2      | Reached XP level 3. HP: 19/28 MP: 1/4
  1702 | D:3      | Learned a level 3 spell: Spider Form
  2013 | D:2      | Slain by Sigmund

Action                   || total
-------------------------++-------
Melee: Unarmed           ||   118
 Fire: Blowgun           ||     3
 Cast: Beastly Appendage ||     7
       Sticks to Snakes  ||     5
  Use: Potion            ||     1
 Stab: Sleeping          ||     1
